 Dungeon Crawl Stone Soup version 0.24.1 (webtiles) character file.

Game seed: 1959311997241436495, levelgen mode: deterministic

849 Destapler the Basher (level 7, -11/59 HPs)
             Began as a Black Draconian Berserker on Apr 1, 2020.
             Was an Elder of Trog.
             Mangled by an ogre
             ... wielding a cursed -1 giant spiked club
              (17 damage)
             ... on level 6 of the Dungeon.
             The game lasted 00:12:25 (4113 turns).

Destapler the Basher (Black Draconian Berserker)    Turns: 4113, Time: 00:12:29

Health: -11/59     AC:  6    Str: 21    XL:     7   Next: 69%
Magic:  8/9        EV:  9    Int:  7    God:    Trog [****..]
Gold:   314        SH:  0    Dex: 11    Spells: 6/6 levels left

rFire    . . .     SeeInvis .   a - +3 whip
rCold    . . .     Gourm    .   (no shield)
rNeg     . . .     Faith    .   (armour unavailable)
rPois    .         Spirit   .   (helmet restricted)
rElec    +         Reflect  .   (no cloak)
rCorr    .         Harm     .   (no gloves)
MR       ++...                  (no boots)
Stlth    +.........             (no amulet)
HPRegen  1.19/turn              (no ring)
MPRegen  0.11/turn              (no ring)

@: short of breath, berserk cooldown, flying, regenerating, slowed, constricted,
very slow
A: breathe lightning, unfitting armour, electricity resistance, cold-blooded, AC
+6
a: Breathe Lightning, Berserk, Trog's Hand, Brothers in Arms, Renounce Religion


You were on level 6 of the Dungeon.
You worshipped Trog.
Trog was greatly pleased with you.
You were near starving.

You visited 1 branch of the dungeon, and saw 6 of its levels.

You collected 314 gold pieces.

Inventory:

Hand Weapons
 a - a +3 whip (weapon)
 f - a +2 dagger of venom
Missiles
 s - 9 boomerangs
 z - an atropa-tipped dart (quivered)
Jewellery
 m - an uncursed ring of poison resistance
Wands
 q - a wand of flame (21)
 y - a wand of enslavement (3)
Scrolls
 h - 8 scrolls of identify {unknown}
 i - 2 scrolls of teleportation {unknown}
 j - 5 scrolls of remove curse {unknown}
 l - a scroll of magic mapping {unknown}
 n - a scroll of fog {unknown}
 p - a scroll of random uselessness {unknown}
 r - 2 scrolls of fear {unknown}
 t - a scroll of enchant weapon {unknown}
 w - a scroll of noise {unknown}
Potions
 c - a potion of mutation {unknown}
 d - a potion of degeneration {unknown}
 e - a potion of haste
 g - a potion of agility
 k - a potion of lignification {unknown}
 o - 2 potions of flight
 u - a potion of curing {unknown}
 v - a potion of heal wounds {unknown}
 x - a potion of might {unknown}
Comestibles
 b - 13 rations


   Skills:
 + Level 4.1 Fighting
 + Level 8.4 Maces & Flails
 - Level 2.6 Dodging
 * Level 2.9 Evocations


You had 6 spell levels left.
You didn't know any spells.
Your spell library was empty.

Dungeon Overview and Level Annotations

Branches:
Dungeon (6/15)             Temple (0/1) D:4

Altars:
Ashenzari
Elyvilon
Fedhas
Gozag
Kikubaaqudgha
Ru
Xom
The Shining One


Innate Abilities, Weirdness & Mutations

You can breathe wild blasts of lightning.
Your glossy black scales are hard. (AC +6)
You cannot fit into any form of body armour.
You are resistant to electric shocks. (rElec)
You are cold-blooded and may be slowed by cold attacks.


Message History

The leopard gecko bites you.
* * * LOW HITPOINT WARNING * * *
The ogre hits you with a cursed -1 giant spiked club!
* * * LOW HITPOINT WARNING * * *
The ball python closely misses you. The ball python constricts you.
The ball python's grasp on you weakens, but your attempt to escape fails.
The leopard gecko bites you but does no damage.
The ball python closely misses you.
* * * LOW HITPOINT WARNING * * *
The ball python constricts you. The leopard gecko barely misses you.
The ogre hits you but does no damage.
The ball python bites you but does no damage.
The ball python constricts you.
It was a potion of flight.
You feel very buoyant.
You fly up into the air.
The leopard gecko closely misses you.
The ball python bites you but does no damage.
The ball python constricts you.
The ogre hits you with a cursed -1 giant spiked club!
You die...

......... .........
........### # ?.........#.
. $........ .. ..###.....#
..... ##. .......)####
....## #...
#..Sl...##.#...... .....
#..@O.........#...
......##..........#..#.##..
.......<)(.................
.......#................>..
......##...................
....####........(..........
#...###......(.............
##...#...........).........
#.#..)..............###.


You could see an ogre, a leopard gecko and a ball python.

Vanquished Creatures
  Duvessa (D:6)
  A sky beast (D:6)
  A bullfrog (D:6)
  Dowan (D:6)
  A scorpion (D:4)
  A crimson imp (D:5)
  2 hounds
  A gnoll shaman (D:6)
  A centaur skeleton (D:4)
  2 iguanas
  2 worker ants
  An adder (D:4)
  5 gnolls (D:6)
  A shadow imp (D:6)
  2 adder skeletons
  A worm (D:2)
  A dart slug (D:2)
  3 leopard geckos
  11 orcs
  2 ball pythons
  7 giant cockroaches
  13 goblins
  14 hobgoblins
  3 jackals (D:2)
  10 bats
  6 frilled lizards
  8 kobolds
  12 rats
114 creatures vanquished.

Vanquished Creatures (others)
  5 dream sheep (D:4)
5 creatures vanquished.

Grand Total: 119 creatures vanquished

Notes
Turn   | Place    | Note
-------+----------+-------------------------------------------
     0 | D:1      | Destapler the Draconian Berserker began the quest for the
                  | Orb.
     0 | D:1      | Reached XP level 1. HP: 19/19 MP: 1/1
   135 | D:1      | Reached XP level 2. HP: 12/26 MP: 2/2
   284 | D:1      | Reached ** piety under Trog
   284 | D:1      | Reached skill level 4 in Maces & Flails
   543 | D:2      | Reached XP level 3. HP: 31/31 MP: 3/3
   589 | D:2      | Found an ancient bone altar of Kikubaaqudgha.
   591 | D:2      | Found a blossoming altar of Fedhas.
   842 | D:2      | Found a glowing golden altar of the Shining One.
   992 | D:2      | Reached *** piety under Trog
  1250 | D:3      | You fall into a shaft and drop 3 floors!
  1251 | D:6      | Noticed a bullfrog
  1251 | D:6      | Noticed an ogre
  1253 | D:5      | Entered Level 5 of the Dungeon
  1278 | D:5      | Reached skill level 5 in Maces & Flails
  1278 | D:5      | Reached XP level 4. HP: 31/38 MP: 4/4
  1481 | D:4      | Reached XP level 5. HP: 17/45 MP: 5/5
  1730 | D:4      | Reached skill level 6 in Maces & Flails
  1977 | D:3      | Reached XP level 6. HP: 34/51 MP: 6/6
  2240 | D:3      | Found a white marble altar of Elyvilon.
  2240 | D:3      | Found a sacrificial altar of Ru.
  2241 | D:3      | Found a shattered altar of Ashenzari.
  2543 | D:3      | Reached skill level 7 in Maces & Flails
  2866 | D:4      | Found a staircase to the Ecumenical Temple.
  3021 | D:4      | Noticed a dream sheep
  3021 | D:4      | Noticed a dream sheep
  3021 | D:4      | Noticed a dream sheep
  3021 | D:4      | Noticed a dream sheep
  3021 | D:4      | Noticed a dream sheep
  3021 | D:4      | Found a shimmering altar of Xom.
  3025 | D:4      | Killed a dream sheep
  3026 | D:4      | Killed a dream sheep
  3026 | D:4      | Killed a dream sheep
  3026 | D:4      | Killed a dream sheep
  3026 | D:4      | Killed a dream sheep
  3421 | D:5      | Found an opulent altar of Gozag.
  3746 | D:6      | Reached **** piety under Trog
  3755 | D:6      | Reached skill level 8 in Maces & Flails
  3772 | D:6      | Your scales start taking on a glossy black colour.
  3772 | D:6      | Reached XP level 7. HP: 35/57 MP: 7/7
  3772 | D:6      | Gained mutation: You are resistant to electric shocks.
                  | (rElec) [Black Draconian growth]
  3809 | D:6      | Reached skill level 1 in Evocations
  4063 | D:6      | Noticed Duvessa
  4063 | D:6      | Noticed Dowan
  4101 | D:6      | Killed Duvessa
  4108 | D:6      | Killed Dowan
  4113 | D:6      | Mangled by an ogre

Levels and vault maps discovered:
D:1:      dpeg_arrival_pits, layout_basic, minmay_split_cup_large
D:2:      layout_basic, grunt_temple_overflow_growth_and_decay, tso_altar
D:3:      corexii_shack_village, layout_loops_corners,
          chequers_temple_overflow_statue_of_worship, first_ration
D:4:      layout_loops_ring, minmay_temple_entry_from_below_b,
          kb_xom_exploding_sheep
D:5:      layout_basic, old_standard_altar, minivault_26
D:6:      layout_cave_pools, serial_shops, nicolae_shop_statue_plus,
          uniq_duvessa, uniq_menkaure, uniq_sigmund

Skill      XL: |  1  2  3  4  5  6  7 |
---------------+----------------------+-----
Maces & Flails | 4 5 6 8 |  8.4
Evocations     | 2 |  2.9
Fighting       | 4 |  4.1
Dodging        | |  2.6

Action                   |  1- 3 |  4- 6 |  7- 9 || total
-------------------------+-------+-------+-------++-------
Melee: Mace              |    30 |       |       ||    30
       Tailslap          |    11 |    22 |     6 ||    39
       Dagger            |   108 |    72 |       ||   180
       Whip              |       |    67 |    36 ||   103
Throw: Boomerang         |       |     2 |     3 ||     5
       Dart              |       |     1 |    12 ||    13
Invok: Berserk           |     1 |     1 |     2 ||     4
       Trog's Hand       |       |       |     2 ||     2
 Abil: Breathe Lightning |       |       |     2 ||     2
Evoke: Wand              |       |     1 |       ||     1
  Use: Potion            |       |       |     1 ||     1
 Stab: Sleeping          |       |     2 |       ||     2
  Eat: Chunk             |     2 |     9 |     2 ||    13
Armor: Skin              |    52 |    32 |    11 ||    95
Dodge: Dodged            |   112 |    70 |    26 ||   208
